 Dungeon Crawl Stone Soup version 0.28.0-53-g5a82cb258f (webtiles) character file.

Game seed: 3228375823858495881

12 Jerry the Skirmisher (level 2, 24/26 HPs)
             Began as a Ghoul Fighter on July 8, 2022.
             Was a Follower of Fedhas.
             Quit the game on level 1 of the Dungeon.
             The game lasted 00:00:46 (561 turns).

Jerry the Skirmisher (Ghoul Fighter)                 Turns: 561, Time: 00:00:47

Health: 24/26      AC:  6    Str: 19    XL:     2   Next: 33%
Magic:  1/1        EV:  9    Int:  3    God:    Fedhas [*.....]
Gold:   19         SH:  4    Dex:  8    Spells: 1/1 levels left

rFire   . . .      SeeInvis .     - Unarmed
rCold   + . .      Faith    .   b - +0 buckler
rNeg    + + +      Spirit   .   a - +0 scale mail
rPois   ∞          Reflect  .   (no helmet)
rElec   .          Harm     .   (no cloak)
rCorr   .          Rampage  .   (no gloves)
Will    .....                   (no boots)
Stlth   ..........              (no amulet)
HPRegen 0.08/turn               (no ring)
MPRegen 0.07/turn               (no ring)

@: no status effects
A: claws 1, cold resistance 1, negative energy resistance 3, inhibited
regeneration, torment resistance 2
a: Renounce Religion


You were on level 1 of the Dungeon.
You worshipped Fedhas.
Fedhas was aware of your devotion.
You visited 1 branch of the dungeon, and saw 1 of its levels.

You collected 19 gold pieces.

Inventory:

Armour
 a - a +0 scale mail (worn)
 b - a +0 buckler (worn)
Scrolls
 e - a scroll of brand weapon {unknown}
Potions
 c - a potion of might
 d - a potion of curing {unknown}


   Skills:
 + Level 3.5 Fighting
 + Level 2.9 Armour
 + Level 2.8 Shields
 + Level 2.4 Unarmed Combat


You had one spell level left.
You didn't know any spells.
Your spell library was empty.

Dungeon Overview and Level Annotations

Branches:
Dungeon (1/15)

Altars:
Fedhas


Innate Abilities, Weirdness & Mutations

You thrive by killing the living.
You are immune to poison.
You have sharp fingernails.
Your flesh is cold resistant. (rC+)
You are immune to negative energy. (rN+++)
You do not regenerate when monsters are visible.
You are immune to unholy pain and torment.


Message History

You kill the ball python!
You feel better.
You scratch the hobgoblin.
The hobgoblin is moderately wounded.
The hobgoblin hits you but does no damage.
You closely miss the hobgoblin.
The hobgoblin is moderately wounded.
The hobgoblin closely misses you.
You completely miss the hobgoblin.
The hobgoblin is lightly wounded.
The hobgoblin barely misses you.
You closely miss the hobgoblin.
The hobgoblin is lightly wounded.
The hobgoblin closely misses you.
You scratch the hobgoblin.
You kill the hobgoblin!
The dart slug barely misses you.
You see here a hobgoblin corpse.
You scratch the dart slug.
The dart slug is lightly wounded.
You scratch the dart slug.
The dart slug is severely wounded.
The dart slug launches a dart at you. The slug dart hits you.
You scratch the dart slug.
You kill the dart slug!
You feel better.
No target in view!
No target in view!
You see here a hobgoblin corpse.
There is a faded altar of an unknown god here.
You cannot tell which god this altar belongs to.
Convert to them anyway?
Okay, then.
You cannot tell which god this altar belongs to.
Convert to them anyway?
Uppercase [Y]es or [N]o only, please.
You cannot tell which god this altar belongs to.
Convert to them anyway?
Fedhas accepts your prayer! Fedhas welcomes you!
The plants of the dungeon cease their hostilities.
Are you sure you want to abandon this character and quit the game? (Confirm with "yes".)

.........
..######+##.......
#......##..... #)......
#.....PPP.........##.......
#....PP...........##.......
#.....P..###......##.......
#....††....#......##.......
#.#.P≈⌠.P..#...............
#.#P.P.≈.###......##.#.####
#.#.......@###....#..#.#
#.#.....P###P.....#.##.#
#.#.†####..P..#'#......#
#[.##..P.P.P..#.###.####
##....P..)....#.# #.#
#...####...###.# #.# #####
###.# #.# #.# #.###.# #.#
#.....# #.#######


There were no monsters in sight!

Vanquished Creatures
  A dart slug (D:1)
  An endoplasm (D:1)
  2 hobgoblins (D:1)
  A kobold (D:1)
  A quokka (D:1)
  2 ball pythons (D:1)
  A bat (D:1)
  A frilled lizard (D:1)
10 creatures vanquished.

Vanquished Creatures (others)
  2 plants (D:1)
2 creatures vanquished.

Grand Total: 12 creatures vanquished

Notes
Turn   | Place    | Note
-------+----------+-------------------------------------------
     0 | D:1      | Jerry the Ghoul Fighter began the quest for the Orb.
     0 | D:1      | Reached XP level 1. HP: 19/19 MP: 0/0
   528 | D:1      | Reached XP level 2. HP: 26/26 MP: 1/1
   532 | D:1      | Found a faded altar of an unknown god.
   560 | D:1      | Prayed at the altar of an unknown god.
   560 | D:1      | Became a worshipper of Fedhas Madash
   560 | D:1      | Reached * piety under Fedhas
   561 | D:1      | Quit the game

Illustrated notes

Levels and vault maps discovered:
D:1:      amcnicky_arrival_flooded_fountain, layout_basic,
          shapermc_ecumenical_altar_mp_ritualfount, feat_on_display

Action                   || total
-------------------------++-------
Melee: Unarmed           ||    26
Armor: Scale mail        ||     3
Dodge: Dodged            ||    11
Block: Buckler           ||     2
